 Dungeon Crawl Stone Soup version 0.21-a0-2-ge494091 (webtiles) character file.

107 Klosterheim the Poker (level 4, 0/37 HPs)
             Began as a Merfolk Skald on May 21, 2017.
             Slain by Natasha (6 damage)
             ... on level 3 of the Dungeon.
             The game lasted 00:04:33 (2944 turns).

Klosterheim the Poker (Merfolk Skald)               Turns: 2944, Time: 00:04:34

Health: 0/37       AC:  5    Str: 11    XL:     4   Next: 85%
Magic:  7/7        EV: 11    Int: 13    God:
Gold:   126        SH:  0    Dex: 13    Spells: 4/7 levels left

rFire    . . .     SeeInvis .   a - +0 halberd
rCold    + . .     Gourm    .   (shield currently unavailable)
rNeg     . . .     Faith    .   i - +0 ring mail
rPois    .         Spirit   .   (no helmet)
rElec    .         Reflect  .   (no cloak)
rCorr    .         Harm     .   (no gloves)
MR       .....                  (no boots)
Stlth    +.........             (no amulet)
Regen    0.2/turn               l - ring of protection from cold
MPRegen  0.1/turn               (no ring)

@: slowed, very slow
A: change form in water, swift swim, stealthy swim
a: no special abilities


You were on level 3 of the Dungeon.
You were not hungry.

You visited 1 branch of the dungeon, and saw 3 of its levels.

You collected 126 gold pieces.

Inventory:

Hand Weapons
 a - a +0 halberd (weapon)
 b - a +0 hunting sling
Missiles
 n - 148 stones (quivered)
Armour
 i - a +0 ring mail (worn)
Jewellery
 l - a ring of protection from cold (left hand)
Scrolls
 h - 2 scrolls of blinking {unknown}
 j - a scroll of enchant armour {unknown}
 o - 2 scrolls of remove curse {unknown}
 p - a scroll of identify {unknown}
Potions
 e - a potion of heal wounds {unknown}
 f - a potion of resistance {unknown}
 k - a potion of berserk rage {unknown}
 q - a potion of ambrosia {unknown}
Books
 c - a book of Battle

   Spells                             Type                      Level
   a - Infusion                       Charms                       1
   b - Shroud of Golubria             Charms/Translocation         2
   c - Song of Slaying                Charms                       2
   d - Spectral Weapon                Hexes/Charms                 3
   e - Regeneration                   Charms/Necromancy            3
Comestibles
 d - 3 bread rations
 m - 2 fruits


   Skills:
 + Level 3.7 Fighting
 * Level 5.7 Polearms
 - Level 0.6 Armour
 - Level 2.6 Dodging
 - Level 2.0 Spellcasting
 - Level 3.2 Charms


You had 4 spell levels left.
You knew the following spells:

 Your Spells              Type           Power        Failure   Level  Hunger
a - Infusion              Chrm           #...         16%         1    ##.....
b - Shroud of Golubria    Chrm/Tloc      #.........   43%         2    ###....


Dungeon Overview and Level Annotations

Branches:
Dungeon (3/15)

Altars:
Fedhas
Kikubaaqudgha

Annotations:
D:3 Natasha


Message History

The crimson imp misses you. Natasha barely misses you.
You barely miss Natasha.
Natasha is severely wounded.
The crimson imp completely misses you.
Natasha mumbles some strange words.
The crimson imp barely misses you. Natasha misses you.
You barely miss Natasha.
Natasha is severely wounded.
The crimson imp misses you. Natasha claws you.
* * * LOW HITPOINT WARNING * * *
The crimson imp blinks!
You barely miss Natasha.
Natasha is severely wounded.
Natasha closely misses you. The shadow imp closely misses you.
Natasha misses you.
You hit Natasha.
Natasha is almost dead.
The shadow imp sputters.
The shadow imp barely misses you. Natasha claws you.
You die...

.........#..............
........##..............
........#...............
..(.....#...............
........#..........#....
#########...............
# ####..............
#######......##.).#.....
................@55...((
.................h(.....
........................
........................
.................###...#
######.......##### ...#
# #.......# ..#
#.......# .# #.......#


You could see Natasha, a crimson imp and a shadow imp.

Vanquished Creatures
  Terence (D:3)
  3 worms (D:2)
  2 dart slugs (D:1)
  4 orcs (D:3)
  A giant cockroach (D:2)
  7 goblins
  5 hobgoblins
  7 jackals (D:2)
  3 quokkas
  7 bats
  4 frilled lizards
  11 kobolds
  7 rats
62 creatures vanquished.

Notes
Turn   | Place    | Note
-------+----------+-------------------------------------------
     0 | D:1      | Klosterheim the Merfolk Skald began the quest for the Orb.
     0 | D:1      | Reached XP level 1. HP: 16/16 MP: 3/3
   188 | D:1      | Reached XP level 2. HP: 19/23 MP: 5/5
   236 | D:1      | Reached skill level 4 in Polearms
   250 | D:1      | Learned a level 2 spell: Shroud of Golubria
   835 | D:2      | Found a blossoming altar of Fedhas.
   837 | D:2      | Found an ancient bone altar of Kikubaaqudgha.
   881 | D:2      | Reached XP level 3. HP: 20/28 MP: 6/6
  1602 | D:2      | Reached skill level 5 in Polearms
  1913 | D:2      | Reached XP level 4. HP: 35/35 MP: 7/7
  2482 | D:3      | Noticed Terence
  2497 | D:3      | Killed Terence
  2875 | D:3      | Noticed a big kobold
  2932 | D:3      | Noticed Natasha
  2944 | D:3      | Slain by Natasha

Vault maps used:
D:1:      scummos_arrival_forest
D:2:      grunt_temple_overflow_growth_and_decay, roderic_lattice_a,
          wad_floor_pattern_2
D:3:      cheibrodos_thug_alley, first_bread, uniq_robin, uniq_natasha,
          uniq_terence

Skill      XL: |  1  2  3 |
---------------+----------+-----
Polearms       | 4 5 |  5.7
Fighting       | 3 |  3.7
Armour         | |  0.6
Dodging        | |  2.6
Spellcasting   | |  2.0
Charms         | |  3.2

Action                   |  1- 3 |  4- 6 || total
-------------------------+-------+-------++-------
Melee: Spear             |    80 |       ||    80
       Halberd           |    86 |    76 ||   162
 Fire: Hunting sling     |     7 |     5 ||    12
 Cast: Infusion          |     2 |     2 ||     4
       Shroud of Golubri |     1 |       ||     1
 Stab: Sleeping          |     1 |       ||     1
  Eat: Chunk             |     3 |     4 ||     7
Armor: Leather armour    |    17 |       ||    17
       Ring mail         |    34 |    26 ||    60
Dodge: Dodged            |    96 |    54 ||   150
